 Dungeon Crawl Stone Soup version 0.27-a0-362-g8331d791d5 (webtiles) character file.

Game seed: 14679184801523945628

7 Chiseanne the Slasher (level 1, -1/17 HPs)
             Began as a Demonspawn Wanderer on Feb 16, 2021.
             Slain by a gnoll
             ... wielding a +0 club
              (6 damage)
             ... on level 1 of the Dungeon.
             The game lasted 00:00:35 (185 turns).

Chiseanne the Slasher (Demonspawn Wanderer)          Turns: 185, Time: 00:00:36

Health: -1/17      AC:  2    Str: 12    XL:     1   Next: 83%
Magic:  1/1        EV: 11    Int: 14    God:
Gold:   8          SH:  0    Dex: 11    Spells: 0/0 levels left

rFire    . . .     SeeInvis .   a - +2 falchion
rCold    . . .     Faith    .   (no shield)
rNeg     . . .     Spirit   .   e - +0 robe
rPois    .         Reflect  .   (no helmet)
rElec    .         Harm     .   (no cloak)
rCorr    .         Rampage  .   (no gloves)
Will     .....                  (no boots)
Stlth    +.........             (no amulet)
HPRegen  0.05/turn              (no ring)
MPRegen  0.07/turn              (no ring)

@: no status effects
A: no striking features
a: no special abilities


You were on level 1 of the Dungeon.
You visited 1 branch of the dungeon, and saw 1 of its levels.

You collected 8 gold pieces.

Inventory:

Hand Weapons
 a - a +2 falchion (weapon)
 c - a +0 hand crossbow
Missiles
 d - 24 bolts
Armour
 e - a +0 robe (worn)
Potions
 b - a potion of curing


   Skills:
 * Level 2.3 Fighting
 - Level 3.6 Long Blades
 - Level 1.7 Crossbows
 - Level 1.0 Throwing
 * Level 0.8 Dodging
 - Level 1.0 Evocations


You couldn't memorise any spells.
You didn't know any spells.
Your spell library was empty.

Dungeon Overview and Level Annotations

Branches:
Dungeon (1/15)

Altars:


Message History

The goblin is heavily wounded.
The goblin hits you with a +0 dagger.
You slash the goblin!
You kill the goblin!
Things that are here:
a +0 dagger; a +0 club; a +0 club A kobold comes into view.
It is wielding a +0 mace.
Things that are here:
a +0 club; a hobgoblin corpse
Things that are here:
a +0 dagger; a +0 club; a +0 club You hit the kobold.
You kill the kobold!
You see here a +0 mace.
A bat comes into view.
The bat barely misses you.
You riposte.
You hit the bat.
The bat is moderately wounded.
The bat closely misses you.
You riposte.
You slash the bat!
You kill the bat!
You see here a bat corpse.
A gnoll comes into view. It is wielding a +0 club.
The gnoll shouts!
You hear an angry hiss.
Found a club.
You see here a bat corpse.
A gnoll is nearby!
A frilled lizard comes into view.
The frilled lizard hisses angrily.
The gnoll barely misses you.
The frilled lizard moves out of view.
You see here a bat corpse.
You closely miss the gnoll. The gnoll barely misses you.
A hobgoblin comes into view.
You barely miss the gnoll.
The hobgoblin shouts!
The gnoll hits you with a +0 club!
Ouch! That really hurt!
* * * LOW HITPOINT WARNING * * *
You slash the gnoll!
The gnoll is heavily wounded.
The gnoll hits you with a +0 club.
You die...

### ###### #..####
#..... #.....# ###...##
. #.##..# #.'...#† ..
#.##..#####.#...##
#..####......))...#.....
..........)..###########
.....##..###.#
.......@## #..#
.......g# #....
.....#...........
.###......##.....#
....#.#..#.#.###
......#.##......
......#.# ##g. ......#.#
... ).... ..# ..


You could see a gnoll and a hobgoblin.

Vanquished Creatures
  A goblin (D:1)
  2 hobgoblins (D:1)
  2 kobolds (D:1)
  A bat (D:1)
6 creatures vanquished.

Notes
Turn   | Place    | Note
-------+----------+-------------------------------------------
     0 | D:1      | Chiseanne the Demonspawn Wanderer began the quest for the
                  | Orb.
     0 | D:1      | Chiseanne set off with the following items: a +2 falchion,
                  | a potion of curing, a +0 hand crossbow, 24 bolts, a +0 robe
     0 | D:1      | Reached XP level 1. HP: 16/16 MP: 1/1
   185 | D:1      | Slain by a gnoll

Illustrated notes

Levels and vault maps discovered:
D:1:      nicolae_arrival_memento_mori, layout_rooms

Action                   || total
-------------------------++-------
Melee: Falchion          ||    14
Armor: Robe              ||     1
Dodge: Dodged            ||     8
       Rpst.: Falchion   ||     4

Table legend: (Time is in decaauts)
 A = Elapsed time spent in this place.
 B = Non-inter-level travel time spent in this place.
 C = Inter-level travel time spent in this place.
 D = Time resting spent in this place.
 E = Time spent auto-exploring this place.
 F = Levels seen in this place.
 G = Mean time per level.
                   A        B        C        D        E       F      G
               +--------+--------+--------+--------+--------+-----+--------+
         Total |    186 |    186 |      0 |    132 |      0 |   1 |  186.0 |
       Dungeon |    186 |    186 |      0 |    132 |      0 |   1 |  186.0 |
               +--------+--------+--------+--------+--------+-----+--------+

Top non-repeatable levels by time:
     D:1: 186 daAuts
